 Dungeon Crawl Stone Soup version 0.20-a0-269-g17f5411 (webtiles) character file.

1190 Jarlath the Fighter (level 8, -10/61 HPs)
             Began as a High Elf Skald on Dec 8, 2016.
             Was an Initiate of Dithmenos.
             Mangled by an ogre
             ... wielding a +0 giant club
              (23 damage)
             ... on level 6 of the Dungeon.
             The game lasted 00:05:54 (5429 turns).

Jarlath the Fighter (High Elf Skald)                Turns: 5429, Time: 00:05:55

Health: -10/61     AC:  7    Str: 16    XL:     8   Next: 19%
Magic:  0/12       EV: 16    Int: 15    God:    Dithmenos [......]
Gold:   132        SH:  0    Dex: 18    Spells: 6/11 levels left

rFire  . . .     SeeInvis .     j - +2 dagger (venom)
rCold  . . .     Gourm    .     b - +0 leather armour
rNeg   . . .     Faith    .     (no shield)
rPois  .         Spirit   +     a - +0 helmet
rElec  .         Reflect  .     (no cloak)
rCorr  .         Harm     .     (no gloves)
MR     .....                    n - +2 pair of boots {run}
Stlth  +.........               f - amulet of guardian spirit
                                (no ring)
                                (no ring)

@: mighty, exhausted, quick
A: no striking features
a: Renounce Religion


You were on level 6 of the Dungeon.
You worshipped Dithmenos.
Dithmenos was noncommittal.
You were not hungry.

You visited 2 branches of the dungeon, and saw 7 of its levels.

You collected 394 gold pieces.
You spent 262 gold pieces at shops.

Inventory:

Hand Weapons
 j - a +2 dagger of venom (weapon)
 w - a +0 scimitar
Armour
 a - a +0 helmet (worn)
 b - a +0 leather armour (worn)
 n - a +2 pair of boots of running (worn)
Jewellery
 f - an amulet of guardian spirit (around neck)
Wands
 r - a wand of disintegration (11/24)
 v - a wand of lightning (7/15)
Scrolls
 g - a scroll of remove curse
 p - a scroll of random uselessness
Potions
 e - 2 potions of lignification
 i - a potion of might
 k - a potion of brilliance
 l - 2 potions of flight
 o - a potion of cure mutation
 q - a potion of curing {unknown}
Books
 c - a book of Battle

   Spells                             Type                      Level
   a - Infusion                       Charms                       1
   b - Shroud of Golubria             Charms/Translocation         2
   c - Song of Slaying                Charms                       2
   d - Spectral Weapon                Hexes/Charms                 3
   e - Regeneration                   Charms/Necromancy            3
Comestibles
 d - 3 bread rations
 h - 3 beef jerkies
 u - a meat ration


   Skills:
 - Level 8.0 Fighting
 - Level 3.3 Long Blades
 - Level 0.8 Armour
 + Level 6.2 Dodging
 - Level 2.4 Spellcasting
 - Level 3.6 Charms


You had 6 spell levels left.
You knew the following spells:

 Your Spells              Type           Power        Failure   Level  Hunger
a - Infusion              Chrm           ##..         8%          1    #......
b - Song of Slaying       Chrm           ##......     12%         2    ###....
c - Shroud of Golubria    Chrm/Tloc      #.........   21%         2    ###....


Dungeon Overview and Level Annotations

Branches:
Dungeon (6/15)             Temple (1/1) D:6

Altars:
Dithmenos
Gozag
Hepliaklqana
Kikubaaqudgha
Makhleb
Okawaru
Sif Muna
Xom

Shops:
D:5 [

Annotations:
D:4 Jarlath's ghost, amateur HESk


Message History

The ogre hits you with a giant spiked club!
The ogre closely misses you.
You kill the ogre!
Dithmenos accepts your kill.
Your Dodging skill increases to level 6!
The ogre hits you with a giant club!
* * * LOW HITPOINT WARNING * * *
The ogre completely misses you.
Okay, then.
You feel very mighty all of a sudden. The ogre closely misses you.
You puncture the ogre!
The ogre is heavily wounded.
The ogre hits you with a giant club.
* * * LOW HITPOINT WARNING * * *
You puncture the ogre!
The ogre is severely wounded.
You feel yourself speed up. The ogre hits you with a giant club!!
You die...

..#####...# #..#
*,,,,,,, ..# ##..#
#..# *,,,**** P.#
#(.# #..# *****
≈.######..## #..#
...........#######..#
................>...#
.#######...########.#
.#######............#
.........).....O@...#
#########.###########
#.(....# ##.....#
*#.....# #P≈≈.≈≈♣*
#≈P≈≈P≈P# #♣≈≈≈≈≈≈#
#≈≈≈P♣##


You could see an ogre.

Vanquished Creatures
  Pikel (D:5)
  An orc warrior (D:6)
  A slave (D:5)
  An ogre (D:6)
  A centaur (D:6)
  A scorpion (D:4)
  A howler monkey (D:4)
  A hound (D:6)
  2 orc priests (D:6)
  4 orc wizards
  2 iguanas
  A worker ant (D:5)
  5 adders
  4 worms
  A dart slug (D:2)
  4 leopard geckos
  8 orcs
  A giant cockroach (D:5)
  6 hobgoblins
  3 jackals (D:2)
  A quokka (D:4)
  A ball python (D:2)
  6 bats
  2 frilled lizards (D:1)
  7 goblins
  10 kobolds
  A quokka skeleton (D:5)
  4 rats
81 creatures vanquished.

Vanquished Creatures (others)
  A plant (D:6)
1 creature vanquished.

Grand Total: 82 creatures vanquished

Notes
Turn   | Place    | Note
-------+----------+-------------------------------------------
     0 | D:1      | Jarlath the High Elf Skald began the quest for the Orb.
     0 | D:1      | Reached XP level 1. HP: 14/14 MP: 4/4
   501 | D:1      | Reached XP level 2. HP: 19/19 MP: 6/6
   544 | D:1      | Learned a level 2 spell: Song of Slaying
  1386 | D:2      | Reached XP level 3. HP: 24/25 MP: 7/7
  1498 | D:2      | Found a hazy altar of Hepliaklqana.
  1500 | D:2      | Found an ancient bone altar of Kikubaaqudgha.
  1579 | D:2      | Found an opulent altar of Gozag.
  1660 | D:2      | Learned a level 2 spell: Shroud of Golubria
  1718 | D:2      | Found a deep blue altar of Sif Muna.
  2178 | D:3      | Reached skill level 3 in Fighting
  2206 | D:3      | Reached XP level 4. HP: 28/31 MP: 8/8
  2350 | D:3      | Found a faded altar of an unknown god.
  2906 | D:4      | Reached skill level 4 in Fighting
  2906 | D:4      | Reached XP level 5. HP: 29/37 MP: 6/9
  3112 | D:4      | Noticed Jarlath's ghost (amateur HESk)
  3718 | D:5      | Entered Level 5 of the Dungeon
  3792 | D:5      | Found Lutu's Antique Armour Emporium.
  3797 | D:5      | Bought a pair of embroidered boots for 262 gold pieces
  3802 | D:5      | Identified a +2 pair of boots of running (You bought it in a shop on level 5 of the Dungeon)
  4047 | D:5      | Reached skill level 5 in Fighting
  4047 | D:5      | Reached XP level 6. HP: 39/45 MP: 4/10
  4076 | D:5      | Noticed Pikel
  4076 | D:5      | Noticed a slave
  4078 | D:5      | Noticed a slave
  4107 | D:5      | Killed a slave
  4122 | D:5      | Noticed a slave
  4123 | D:5      | Noticed a slave
  4126 | D:5      | Killed Pikel
  4126 | D:5      | Reached skill level 6 in Fighting
  4126 | D:5      | Reached skill level 5 in Dodging
  4126 | D:5      | Reached XP level 7. HP: 20/53 MP: 7/11
  4574 | D:6      | Reached skill level 7 in Fighting
  4887 | D:6      | Reached XP level 8. HP: 51/61 MP: 8/12
  4988 | D:6      | Reached skill level 8 in Fighting
  5087 | D:6      | Found a staircase to the Ecumenical Temple.
  5099 | Temple   | Entered the Ecumenical Temple
  5108 | Temple   | Became a worshipper of Dithmenos the Shadowed
  5429 | D:6      | Mangled by an ogre

Vault maps used:
D:1:      wheals_arrival_shading, hex_medium
D:2:      kiku_gazebo_pond_becter, lemuel_blue_sif_altar, grunt_gozag_statues,
          overflow_temple_1_default
D:3:      chequers_ecumenical_altar_simple_redux
D:4:      first_bread
D:5:      serial_shops, kennysheep_little_box, uniq_pikel
D:6:      serial_bayou, serial_bayou_lake_a, serial_bayou_shore_b,
          serial_bayou_pond_e, serial_bayou_ford_a
Temple:   eino_wide_crystal_templ

Skill      XL: |  1  2  3  4  5  6  7  8 |
---------------+-------------------------+-----
Long Blades    | 3 |  3.3
Dodging        | 2 3 5 6 |  6.2
Fighting       | 3 4 5 6 7 8 |  8.0
Armour         | |  0.8
Spellcasting   | |  2.4
Charms         | |  3.6

Action                   |  1- 3 |  4- 6 |  7- 9 || total
-------------------------+-------+-------+-------++-------
Melee: Falchion          |    25 |       |       ||    25
       Dagger            |    89 |    95 |    72 ||   256
 Cast: Infusion          |     4 |     7 |     4 ||    15
       Shroud of Golubri |     4 |     6 |     4 ||    14
  Use: Potion            |     3 |       |     3 ||     6
       Scroll            |     4 |     4 |     5 ||    13
 Stab: Sleeping          |       |     1 |       ||     1
  Eat: Beef jerky        |     1 |       |       ||     1
       Chunk             |     2 |       |     1 ||     3
       Bread ration      |     1 |     1 |     1 ||     3
Armor: Leather armour    |    21 |    14 |     7 ||    42
Dodge: Dodged            |    65 |    51 |    54 ||   170
       Rpst.: Falchion   |     3 |       |       ||     3
